 Dungeon Crawl Stone Soup version 0.14.0-9-g9c5475a (webtiles) character file.

673 RogerD the Skirmisher (level 7, -24/61 HPs)
             Began as a Centaur Fighter on Apr 14, 2014.
             Annihilated by a large abomination (28 damage)
             ... on Level 1 of the Abyss.
             The game lasted 00:39:46 (2958 turns).

RogerD the Skirmisher (Centaur Fighter)             Turns: 2958, Time: 00:39:46

HP -24/61        AC  7     Str 18      XL: 7   Next:  3%
MP   5/5         EV  5     Int 10      God:
Gold 141         SH 18     Dex  8      Spells:  0 memorised,  6 levels left

rFire  . . .     SeeInvis .     a - +0 war axe
rCold  . . .     Clarity  .     b - +0 scale mail
rNeg   . . .     Conserve .     F - +0 shield
rPois  .         rCorr    .     o - +0 helmet
rElec  .         rRot     .     (no cloak)
SustAb . .       Spirit   .     (no gloves)
rMut   .         Warding  .     (no barding)
Gourm  +         Stasis   .     t - amulet of the gourmand
MR     .....                    E - cursed -3 ring of dexterity
                                i - +3 ring of intelligence

@: about to teleport, very quick, not resistant to hostile enchantments,
extremely unstealthy
A: hooves 3, deformed body, herbivore 1, speed 2, fast metabolism 1, tough skin
3
a: no special abilities


You were on level 1 of the Abyss.
You were very full.

You visited 1 branch of the dungeon, and saw 4 of its levels.
You visited the Abyss 1 time.

You collected 141 gold pieces.

Inventory:

Hand weapons
 a - a +0,+0 war axe (weapon)
 K - a +0,+2 dagger of venom
Missiles
 y - 49 darts (quivered)
Armour
 b - a +0 scale mail (worn)
 c - a +0 shield
 f - a +0 ring mail
 o - a +0 helmet (worn)
 p - a cursed +0 leather armour
 F - a +0 shield (worn)
Magical devices
 k - a wand of flame (5)
 J - a wand of hasting (4)
Comestibles
 d - 3 bread rations
 m - a choko
 q - a pear
 B - an apricot
Scrolls
 e - a scroll of immolation {unknown}
 g - 5 scrolls of identify {unknown}
 n - a scroll of enchant weapon II {unknown}
 s - 2 scrolls of teleportation
 v - a scroll of noise {unknown}
 C - a scroll of magic mapping {unknown}
 D - a scroll of fear {unknown}
 H - a scroll of remove curse {unknown}
 I - a scroll of fog {unknown}
 L - a scroll of amnesia {unknown}
Jewellery
 i - a +3 ring of intelligence (left hand)
 j - an uncursed amulet of conservation {unknown}
 t - an amulet of the gourmand (around neck)
 x - an uncursed amulet of faith {unknown}
 E - a cursed -3 ring of dexterity (right hand)
Potions
 h - a potion of magic {unknown}
 l - a potion of haste {unknown}
 r - a potion of poison {unknown}
 u - 2 potions of mutation {unknown}
 w - a potion of lignification {unknown}
 z - a potion of heal wounds {unknown}
 A - 4 potions of curing {unknown}
 G - a potion of restore abilities {unknown}


   Skills:
 - Level 5.2 Fighting
 - Level 3.4 Axes
 + Level 1.8 Throwing
 + Level 2.7 Armour
 - Level 0.2 Dodging
 + Level 3.7 Shields
 - Level 0.2 Evocations


You had 6 spell levels left.
You didn't know any spells.

Dungeon Overview and Level Annotations

Branches:
Dungeon (4/15)
 Temple: D:4-7

Altars:
Fedhas

Annotations:
D:4 Dowan, Duvessa


Innate Abilities, Weirdness & Mutations

You have hooves in place of feet.
Armour fits poorly on your strangely shaped body.
You digest meat inefficiently.
You cover ground very quickly.
You have a fast metabolism.
You have extremely tough skin (AC +3).


Message History

You see here a scale mail.
Read which item? (? for menu, Esc to quit)
As you read the scroll of teleportation, it crumbles to dust.
You feel strangely unstable.
You feel the power of the Abyss delaying your translocation.
You slash the large abomination!
The large abomination is moderately damaged.
You block the large abomination's attack.
You slash the large abomination!
The large abomination is heavily damaged.
The large abomination hits you!
* * * LOW HITPOINT WARNING * * *
You block the large abomination's attack.
You hit the large abomination. You kick the large abomination.
The large abomination is severely damaged.
You block the large abomination's attack.
You hit the large abomination.
The large abomination is severely damaged.
The large abomination hits you!
You die...

. #### #.#@#
§§X## . #.#.#
. §#..#### .
. ##..[...#.
.## # #.###
#.#......# ##
.#..#....#.#.
.##. . #.#
..#....#.#.
##
###....##...
..# # . #


You could see a large abomination.

Vanquished Creatures
  The ghost of porpoise the Skirmisher, an average GrFi (D:3)
  A small abomination (Abyss:1)
  An ogre (D:4)
  Ijyb (D:2)
  A worker ant zombie (D:3)
  5 adders
  A worm zombie (D:3)
  A giant mite (D:3)
  A worm (D:4)
  2 giant geckos (D:3)
  An ooze (D:3)
  8 orcs
  2 ball pythons
  3 giant cockroaches
  8 hobgoblins
  2 jackals (D:1)
  A quokka (D:2)
  6 bats
  A giant cockroach zombie (D:3)
  A giant gecko zombie (D:3)
  2 giant newts (D:2)
  A giant newt zombie (D:3)
  9 goblins
  7 kobolds
  6 rats
73 creatures vanquished.

Notes
Turn   | Place    | Note
--------------------------------------------------------------
     0 | D:1      | RogerD, the Centaur Fighter, began the quest for the Orb.
     0 | D:1      | Reached XP level 1. HP: 19/19 MP: 1/1
   279 | D:1      | Reached XP level 2. HP: 24/26 MP: 2/2
   912 | D:2      | Reached XP level 3. HP: 29/31 MP: 3/3
  1076 | D:2      | Noticed Ijyb
  1098 | D:2      | Killed Ijyb
  1129 | D:2      | Reached XP level 4. HP: 38/40 MP: 3/3
  1738 | D:3      | Found a blossoming altar of Fedhas.
  1742 | D:3      | Noticed porpoise's ghost (average GrFi)
  1754 | D:3      | Killed porpoise's ghost
  1754 | D:3      | Reached skill level 4 in Fighting
  1754 | D:3      | Reached XP level 5. HP: 28/47 MP: 4/4
  1789 | D:3      | Reached XP level 6. HP: 34/53 MP: 5/5
  2478 | D:4      | Reached skill level 5 in Fighting
  2853 | D:4      | Noticed Dowan
  2854 | D:4      | Noticed Duvessa
  2883 | D:4      | Cast into the Abyss (Duvessa)
  2924 | Abyss:1  | Reached skill level 1 in Throwing
  2924 | Abyss:1  | Reached XP level 7. HP: 17/61 MP: 5/5
  2935 | Abyss:1  | Noticed a large abomination
  2956 | Abyss:1  | HP: 3/61 [large abomination (20)]
  2958 | Abyss:1  | Annihilated by a large abomination

Action                   |  1- 3 |  4- 6 |  7- 9 || total
-------------------------+-------+-------+-------++-------
Melee: War axe           |    65 |    91 |     4 ||   160
Throw: Dart              |    15 |    83 |       ||    98
Evoke: Wand              |     6 |    12 |       ||    18
  Use: Potion            |       |     1 |       ||     1
       Scroll            |       |     1 |     1 ||     2
